 Dungeon Crawl Stone Soup version 0.30.1-5-ged363bc7ee (webtiles) character file.

Game seed: 14638020357404803430

11 Lenny the Grasshopper (level 2, 0/23 HPs)
             Began as a Formicid Warper on Sept 19, 2023.
             Slain by an adder (2 damage)
             ... on level 2 of the Dungeon.
             The game lasted 00:01:00 (383 turns).

Lenny the Grasshopper (Formicid Warper)              Turns: 383, Time: 00:01:00

Health: 0/23       AC:  3    Str: 15    XL:     2   Next: 40%
Magic:  5/5        EV:  8    Int: 12    God:
Gold:   8          SH:  0    Dex: 13    Spells: 5/5 levels left

rFire   . . .        e - +0 whip (vamp)
rCold   . . .        (no shield)
rNeg    . . .        b - +0 leather armour
rPois   .            (helmet unavailable)
rElec   .            (no cloak)
rCorr   .            (no gloves)
SInv    +            (no boots)
Will    .....        (no amulet)
Stlth   +            (no ring)
HPRegen 0.23/turn    (no ring)
MPRegen 0.09/turn

%: no passive effects
@: lethally poisoned (0 -> -3), constricted
A: permanent stasis, dig shafts and tunnels, antennae 3, four strong arms
a: Dig, Shaft Self


You were on level 2 of the Dungeon.
You visited 1 branch of the dungeon, and saw 2 of its levels.

You collected 8 gold pieces.

Inventory:

Hand Weapons
 a - a +0 spear
 e - a +0 vampiric whip (weapon)
Missiles
 d - 7 boomerangs of dispersal (quivered)
Armour
 b - a +0 leather armour (worn)
Scrolls
 c - a scroll of blinking


   Skills:
 + Level 2.4 Fighting
 + Level 2.1 Polearms
 + Level 1.0 Throwing
 + Level 1.2 Armour
 + Level 1.7 Dodging
 + Level 2.3 Spellcasting
 + Level 3.0 Translocations


You had 5 spell levels left.
You didn't know any spells.
Your spell library contained the following spells:

 Spells                   Type           Power      Damage    Failure   Level
 Lesser Beckoning         Tloc           16%        N/A       14%         2
 Teleport Other           Tloc           8%         N/A       28%         3
 Manifold Assault         Tloc           8%         N/A       67%         4
 Blink                    Tloc           Unusable   N/A       N/A         2
 Vhi's Electric Charge    Tloc/Air       Unusable   N/A       N/A         3

Dungeon Overview and Level Annotations

Branches:
Dungeon (2/15)

Altars:


Innate Abilities, Weirdness & Mutations

You cannot be hasted, slowed, berserked, paralysed or teleported.
You can dig through walls and to a lower floor.
You have a pair of large antennae on your head. (SInv)
Your four strong arms can wield two-handed weapons with a shield.


Message History

You closely miss the adder.
The adder is lightly wounded.
The adder bites you. The ball python barely misses you.
The ball python constricts you. The dart slug launches a dart at you.
The slug dart hits you. The adder barely misses you.
You barely miss the adder.
The adder is lightly wounded.
The ball python bites you but does no damage.
The ball python constricts you.
* * * LOW HITPOINT WARNING * * *
The adder bites you.
* * * LOW HITPOINT WARNING * * *
You are lethally poisoned!
The adder poisons you!
The dart slug briefly extends its eye-stalks.
The dart slug barely misses you.
The ball python bites you but does no damage.
The ball python constricts you.
Unknown command.
You closely miss the adder.
The adder is lightly wounded.
* * * LOW HITPOINT WARNING * * *
You feel sick. The adder bites you but does no damage.
The ball python bites you but does no damage.
The ball python constricts you. The adder closely misses you.
The dart slug barely misses you.
Unknown command.
You hit the adder.
You feel better.
The adder is moderately wounded.
* * * LOW HITPOINT WARNING * * *
You feel sick.
The ball python bites you but does no damage.
The ball python constricts you. The adder bites you.
* * * LOW HITPOINT WARNING * * *
You closely miss the adder.
The adder is moderately wounded.
* * * LOW HITPOINT WARNING * * *
You feel sick. The adder bites you.
You die...

#. #. #.
.#####.## ##
.....>... .# #
........####.#.##
......#.$.......#
#...<.[.@....#
#.#.#..wSS...#
............#
#............#
##...........#
##.#........#
#.#.###.####
....# .#


You could see an adder, a dart slug and a ball python.

Vanquished Creatures
  An endoplasm (D:1)
  A giant cockroach (D:1)
  A goblin (D:1)
  3 hobgoblins (D:1)
  A ball python (D:1)
  2 frilled lizards (D:1)
  2 kobolds (D:1)
11 creatures vanquished.

Notes
Turn   | Place    | Note
-------+----------+-------------------------------------------
     0 | D:1      | Lenny the Formicid Warper began the quest for the Orb.
     0 | D:1      | Reached XP level 1. HP: 16/16 MP: 3/3
   254 | D:1      | Reached XP level 2. HP: 16/23 MP: 5/5
   329 | D:1      | Reached skill level 3 in Translocations
   383 | D:2      | Slain by an adder

Illustrated notes

Levels and vault maps discovered:
D:1:      lemuel_arrival_behind_the_door_small, layout_rooms
D:2:      layout_loops_ring, minmay_tall_x

Skill      XL: |  1  2 |
---------------+-------+-----
Translocations | 3 |  3.0
Fighting       | |  2.4
Polearms       | |  2.1
Throwing       | |  1.0
Armour         | |  1.2
Dodging        | |  1.7
Spellcasting   | |  2.3

Action                     || total
---------------------------++-------
  Melee: Spear             ||    26
         Whip              ||    22
   Stab: Sleeping          ||     1
 Armour: Leather armour    ||    19
  Dodge: Dodged            ||    42
